 Dungeon Crawl Stone Soup version 0.14-a0-2162-g062a2ce (webtiles) character file.

2428 4tharraofdagon the Firebug (level 9, -4/46 HPs)
             Began as a Vine Stalker Fire Elementalist on Jan 28, 2014.
             Was a Believer of Okawaru.
             Shot with a silver bolt by an orc knight (9 damage)
             ... on Level 7 of the Dungeon.
             The game lasted 00:20:22 (2691 turns).

4tharraofdagon the Firebug (VSFE)                   Turns: 2691, Time: 00:20:22

HP  -4/46        AC  4     Str 10      XL: 9   Next: 36%
MP   0/22        EV 12     Int 18      God: Okawaru [**....]
Gold 196         SH  0     Dex 16      Spells:  3 memorised,  9 levels left

rFire  . . .     SeeInvis .     j - +1 orc battleaxe (chop)
rCold  . . .     Clarity  .     h - +0 elf leather armour
rNeg   . . .     Conserve .     (no shield)
rPois  .         rCorr    .     (no helmet)
rElec  .         rRot     +     p - +0 elf cloak
SustAb . .       Spirit   +     (no gloves)
rMut   .         Warding  .     (no boots)
Saprov . . .     Stasis   .     (no amulet)
MR     +....                    (no ring)
                                (no ring)

@: very slightly contaminated, hasted, very quick, somewhat resistant to hostile
enchantments, stealthy
A: fangs 3, regeneration 2, magic shield, antimagic bite, no device heal
a: Heroism, Renounce Religion


You were on level 7 of the Dungeon.
You worshipped Okawaru.
Okawaru was pleased with you.
You were not hungry.

You visited 2 branches of the dungeon, and saw 8 of its levels.

You collected 196 gold pieces.

Inventory:

Hand weapons
 e - a +0,+0 elven dagger
 i - a +2,+0 elven spear
 j - a +1,+1 orcish battleaxe of chopping (weapon)
 q - a +2,+3 whip of electrocution
 t - a +0,+0 long sword
Missiles
 o - 6 javelins (quivered)
 x - 40 darts
 A - 2 silver tomahawks
 F - 15 darts of frost
Armour
 a - a +0 robe
 h - a +0 elven leather armour (worn)
 l - a +0 buckler
 p - a +0 elven cloak (worn)
 v - a +0 cloak
Comestibles
 c - 2 bread rations
 D - a meat ration
Scrolls
 d - 4 scrolls of identify
 g - a scroll of enchant weapon II
 k - 2 scrolls of remove curse {unknown}
 n - 2 scrolls of amnesia
 w - a scroll of curse weapon {unknown}
Jewellery
 y - an uncursed amulet of resist corrosion {unknown}
Potions
 f - 3 potions of curing
 r - a potion of brilliance {unknown}
 s - a potion of might {unknown}
 u - 2 potions of heal wounds {unknown}
Books
 b - a book of Flames

   Spells                             Type                      Level
   *Flame Tongue                      Conjuration/Fire             1
   Throw Flame                        Conjuration/Fire             2
   *Conjure Flame                     Conjuration/Fire             3
   Inner Flame                        Hexes/Fire                   3
   *Sticky Flame                      Conjuration/Fire             4
   Fireball                           Conjuration/Fire             5


   Skills:
 - Level 4.3 Fighting
 * Level 1.1 Axes
 - Level 2.2 Maces & Flails
 - Level 2.2 Armour
 + Level 3.0 Dodging
 - Level 2.4 Stealth
 - Level 4.6 Spellcasting
 - Level 6.0 Conjurations
 - Level 7.0 Fire Magic


You had 9 spell levels left.
You knew the following spells:

 Your Spells              Type           Power        Failure   Level  Hunger
a - Flame Tongue          Conj/Fire      ####.        1%          1    None
b - Conjure Flame         Conj/Fire      ####....     2%          3    ###....
c - Sticky Flame          Conj/Fire      ####....     12%         4    ####...


Dungeon Overview and Level Annotations

Branches:
Dungeon (7/16)             Temple (1/1) D:7

Altars:
Ashenzari
Cheibriados
Dithmengos
Elyvilon
Kikubaaqudgha
Nemelex Xobeh
Okawaru
Vehumet
Xom

Annotations:
D:2 Ijyb, Sigmund
D:4 Prince Ribbit


Innate Abilities, Weirdness & Mutations

You have razor-sharp teeth.
You heal very quickly.
When hurt, damage is shared between your health and your magic reserves.
Your bite disrupts and absorbs the magic of your enemies.
Potions and wands cannot restore your HP.


Message History

Unknown command.
Unknown command.
Unknown command.
The orc zaps a wand.
The bolt of lightning misses you.
Unknown command.
Unknown command.
Unknown command.
As you close the door, it creaks loudly!
Drink which item? (? for menu, Esc to quit)
You feel yourself speed up.
An orc opens the door.
The orc knight roars a battle-cry!
You are very lightly contaminated with residual magic.
Read which item? (? for menu, Esc to quit)
Okay, then.
You close the door.
An orc opens the door.
You close the door.
An orc knight opens the door.
An orc comes into view. It is wielding an orcish flail.
You close the door.
An orc opens the door.
The orc knight shoots a silver bolt.
The silver bolt hits you!
You die...

'..' ######''######
.........o...... ......o....o....
.........o......
..........o.....o. ##o'##
#..#######oo..#######
#..'....@'o(..'.....'
#..#######....#######
############'[))########### .
#...........................
####≈≈≈≈≈≈≈≈≈≈≈≈....≈≈≈≈≈≈≈≈≈≈≈
≈≈≈≈≈≈≈≈≈≈≈≈≈≈≈≈≈....≈≈≈≈≈≈≈≈≈≈≈
≈≈≈≈≈≈≈≈≈≈≈≈≈≈≈≈≈≈....≈≈≈≈≈≈≈≈≈≈≈
P...........)....)...............
.................................


You could see an orc knight, 2 orc warriors and 3 orcs.

Vanquished Creatures
  An orc knight (D:7)
  Eustachio (D:7)
  2 orc warriors (D:7)
  2 phantoms
  An ogre (D:7)
  A centaur (D:7)
  4 wargs (D:7)
  5 killer bees (D:7)
  A crimson imp (D:6)
  A goliath beetle (D:4)
  3 big fish (D:7)
  A jelly (D:7)
  2 iguanas
  3 worker ants
  An orc wizard (D:4)
  6 adders
  A giant mite (D:4)
  3 worms
  A giant eyeball (D:4)
  An ooze (D:3)
  24 orcs
  8 goblins
  4 hobgoblins
  2 kobolds (D:1)
  A quokka (D:2)
  A ball python (D:5)
  7 bats
  3 giant geckos (D:2)
  4 giant newts
  A giant spore (D:7)
  A goblin skeleton (D:5)
  A kobold skeleton (D:5)
  8 rats
  A ballistomycete (D:7)
107 creatures vanquished.

Vanquished Creatures (others)
  A human (D:3)
  A plant (D:7)
2 creatures vanquished.

Grand Total: 109 creatures vanquished

Notes
Turn   | Place    | Note
--------------------------------------------------------------
     0 | D:1      | 4tharraofdagon, the Vine Stalker Fire Elementalist, began the quest for the Orb.
     0 | D:1      | Reached XP level 1. HP: 9/9 MP: 3/3
   151 | D:1      | Reached XP level 2. HP: 5/13 MP: 0/5
   284 | D:2      | Noticed Ijyb
   404 | D:2      | Noticed Sigmund
   493 | D:2      | Found a white marble altar of Elyvilon.
   615 | D:3      | Reached XP level 3. HP: 14/16 MP: 7/7
   620 | D:3      | Learned a level 3 spell: Conjure Flame
   704 | D:3      | Found an ancient bone altar of Kikubaaqudgha.
   711 | D:3      | Noticed a human
   712 | D:3      | Killed a human
   828 | D:4      | Reached XP level 4. HP: 17/21 MP: 5/9
   889 | D:4      | Paralysed by a giant eyeball for 3 turns
   907 | D:4      | Reached skill level 4 in Fire Magic
   950 | D:4      | Noticed a phantom
   964 | D:4      | Reached skill level 1 in Fighting
   979 | D:4      | Killed a phantom
   979 | D:4      | Reached XP level 5. HP: 19/25 MP: 2/12
  1016 | D:4      | Learned a level 4 spell: Sticky Flame
  1072 | D:4      | Noticed Prince Ribbit
  1107 | D:5      | Entered Level 5 of the Dungeon
  1107 | D:5      | Noticed an ice beast
  1170 | D:4      | Gained mutation: You heal very quickly. [vine stalker growth]
  1170 | D:4      | Reached XP level 6. HP: 25/30 MP: 5/14
  1615 | D:6      | Reached skill level 5 in Fire Magic
  1615 | D:6      | Reached XP level 7. HP: 35/35 MP: 11/17
  2062 | D:7      | Reached skill level 6 in Fire Magic
  2075 | D:7      | Reached skill level 5 in Conjurations
  2085 | D:7      | Gained mutation: You have razor-sharp teeth. [vine stalker growth]
  2085 | D:7      | Reached XP level 8. HP: 25/39 MP: 1/19
  2107 | D:7      | Found a staircase to the Ecumenical Temple.
  2132 | Temple   | Entered the Ecumenical Temple
  2174 | Temple   | Became a worshipper of Warmaster Okawaru
  2274 | D:7      | Noticed Eustachio
  2289 | D:7      | Reached skill level 1 in Maces & Flails
  2311 | D:7      | Killed Eustachio
  2328 | D:7      | Acquired Okawaru's first power
  2412 | D:7      | Noticed an orc knight
  2486 | D:7      | Reached skill level 1 in Armour
  2486 | D:7      | Reached XP level 9. HP: 7/44 MP: 1/21
  2552 | D:7      | Reached skill level 7 in Fire Magic
  2578 | D:7      | Noticed an orc knight
  2619 | D:7      | Killed an orc knight
  2674 | D:7      | Reached skill level 1 in Axes
  2684 | D:7      | HP: 2/46 [orc/wand of lightning (10)]
  2691 | D:7      | Shot with a silver bolt by an orc knight

Action                   |  1- 3 |  4- 6 |  7- 9 || total
-------------------------+-------+-------+-------++-------
Melee: Dagger            |    14 |       |       ||    14
       Whip              |    40 |    44 |    64 ||   148
       Spear             |     6 |       |       ||     6
       Battleaxe         |       |       |     3 ||     3
 Cast: Flame Tongue      |    19 |    47 |    47 ||   113
       Conjure Flame     |       |     5 |     5 ||    10
       Sticky Flame      |       |       |    10 ||    10
  Use: Potion            |     1 |       |     2 ||     3
       Scroll            |       |     2 |     5 ||     7
 Stab: Sleeping          |       |       |     1 ||     1
